Map: Dusk Towers

Players

Miszu - Winner!

  • Race: Terran Terran
  • League: Master

poltuPear

  • Race: Terran Terran
  • League: Master

VOD

Have the link to the VOD?

Description

Time

  • Played on: July 6, 2016, 8:09 p.m.
  • Length: 14:51
Show
View Real Time Build Order
Export as new Build Order

Miszu Terran - Winner!

Build Orders: Bio Tank 

Get SALT Encoding   

  12  0:02  SCV  
  14  0:14  SCV  
  14  0:18  Supply Depot  
  14  0:26  SCV  
  14  0:28  Refinery  
  15  0:39  SCV  
  16  0:45  Barracks  
  16  0:52  Refinery  
  16  0:55  SCV  
  17  1:09  SCV  
  18  1:21  SCV  
  19  1:32  Reaper  
  20  1:33  Orbital Command  
  20  1:38  Factory  
  20  1:48  Supply Depot  
  20  1:59  SCV  
  21  2:04  Reaper  
  22  2:13  SCV  
  23  2:21  Factory  
  23  2:22  Hellion  
  25  2:25  SCV  
  25  2:28  Supply Depot  
  26  2:36  Reaper  
  27  2:37  SCV  
  27  2:43  Hellion  
  30  2:50  SCV  
  31  2:54  Starport  
  31  3:05  Hellion  
  33  3:32  Medivac  
  33  3:33  Command Center  
  35  3:34  Hellion  
  35  3:46  SCV  
  36  3:50  Barracks Reactor  
  36  3:51  Barracks  
  36  3:52  Barracks  
  36  3:56  Factory Tech Lab  
  36  3:58  SCV  
  36  4:02  Supply Depot, Starport Tech Lab  
  37  4:10  SCV  
  38  4:22  SCV  
  42  4:27  Starport Reactor  
  39  4:31  Supply Depot  
  39  4:34  SCV  
  39  4:35  Factory Tech Lab  
  40  4:46  SCV  
  40  4:47  Marine  
  40  4:48  Marine  
  43  4:56  Marine x2  
  43  4:57  Stimpack, Combat Shields  
  43  4:58  SCV  
  46  5:05  Marine  
  45  5:08  Marine  
  46  5:21  Marine x2  
  41  5:23  Marine  
  41  5:25  Medivac x2, SCV  
  41  5:26  Marine  
  41  5:27  Orbital Command  
  47  5:35  Siege Tank  
  49  5:37  SCV  
  49  5:38  Marine  
  49  5:39  Marine  
  52  5:43  Engineering Bay  
  52  5:46  Marine x2  
  55  5:50  SCV  
  55  5:53  SCV  
  56  6:01  Marine x2  
  56  6:02  SCV  
  54  6:14  SCV  
  54  6:20  Marine x2  
  54  6:21  Marine x2  
  54  6:22  Medivac x2, Siege Tank  
  54  6:23  SCV  
  54  6:24  Supply Depot, Terran Infantry Weapons Level 1  
  66  6:27  SCV  
  66  6:30  Refinery x2  
  67  6:35  SCV  
  67  6:38  Marine x2  
  70  6:45  Supply Depot  
  70  6:46  Marine x2, SCV  
  73  6:48  Supply Depot  
  73  6:56  Marine x2  
  73  6:57  Medivac  
  73  6:59  SCV  
  78  7:07  Marine x2, Medivac, SCV  
  83  7:10  Supply Depot  
  83  7:11  Supply Depot  
  83  7:14  Marine x2  
  83  7:15  SCV  
  86  7:20  Siege Tank  
  89  7:24  Marine x2  
  89  7:29  Command Center  
  91  7:32  Marine  
  92  7:38  Supply Depot  
  81  7:52  Siege Tank  
  82  8:05  Marine  
  79  8:09  Marine x3  
  79  8:10  Medivac x2  
  87  8:15  SCV x2  
  87  8:19  Barracks  
  89  8:21  Barracks  
  89  8:23  Marine  
  89  8:26  Marine  
  91  8:27  Marine x2, SCV  
  91  8:31  Siege Tank  
  91  8:33  Terran Infantry Armor Level 1  
  97  8:39  Factory, SCV x2  
  97  8:41  Marine  
  100  8:44  Marine  
  100  8:45  Marine x2  
  100  8:47  Medivac  
  105  8:52  SCV  
  106  8:59  Marine  
  106  9:02  Marine  
  98  9:19  Marine x3  
  98  9:20  Marine, Siege Tank  
  104  9:25  Factory Tech Lab  
  104  9:29  Orbital Command  
  104  9:30  Barracks Reactor  
  102  9:31  Barracks Reactor  
  102  9:34  SCV x2  
  102  9:37  Marine x3  
  107  9:41  Marine  
  107  9:42  Medivac x2  
  112  9:46  SCV x2  
  112  9:52  Siege Tank x2  
  120  9:54  Marine  
  120  9:55  Marine x2  
  120  9:59  Marine  
  124  10:09  Marine x4  
  124  10:10  Engineering Bay  
  124  10:12  Marine, Armory  
  124  10:13  Marine x2, Refinery x2  
  131  10:14  Supply Depot  
  131  10:16  Supply Depot  
  131  10:17  Marine  
  132  10:27  Marine  
  133  10:35  Marine x5  
  133  10:36  Siege Tank  
  133  10:37  Marine x2, Siege Tank  
  145  10:44  Marine  
  145  10:48  Missile Turret  
  146  10:50  Missile Turret  
  146  10:53  Marine x3  
  149  11:04  Terran Infantry Armor Level 2, Marine x2, Missile Turret  
  149  11:06  Missile Turret  
  149  11:08  Missile Turret, Terran Infantry Weapons Level 2  
  149  11:18  Marine x2, Siege Tank  
  149  11:19  Supply Depot x2  
  149  11:24  Missile Turret  
  149  11:25  Medivac  
  156  11:26  Medivac  
  156  11:32  Marine  
  158  11:34  Siege Tank  
  162  11:43  Marine x3  
  162  11:44  Marine x3  
  168  11:52  Marine  
  168  11:53  Marine  
  170  11:55  Siege Tank  
  170  11:59  Terran Vehicle Weapons Level 1  
  170  12:01  Marine  
  173  12:07  Marine  
  175  12:09  Marine x3  
  175  12:10  Marine x3  
  181  12:24  Marine x2  
  181  12:27  Marine  
  127  12:38  Marine  
  127  12:39  Marine x4  
  127  12:42  Marine x2  
  127  12:43  Siege Tank  
  116  12:44  Marine  
  116  12:47  Siege Tank  
  118  12:56  Marine  
  118  12:57  Marine x4  
  123  12:59  Marine, Medivac x2  
  123  13:00  Marine  
  129  13:06  Marine  
  129  13:14  Marine  
  129  13:15  Siege Tank  
  130  13:20  Marine x3  
  130  13:23  Marine  
  134  13:31  Marine  
  134  13:32  Medivac x2, Siege Tank  
  134  13:33  SCV  
  130  13:43  Marine  
  130  13:44  Marine x6  
  130  13:47  Siege Tank  
  140  13:49  Marine  
  140  13:57  Orbital Command  
  140  14:01  Marine  
  140  14:02  Marine x6, Medivac  
  146  14:12  Refinery  
  146  14:13  Refinery  
  146  14:24  Marine x4  
  146  14:25  Marine  
Show
View Real Time Build Order
Export as new Build Order

poltuPear Terran 

Build Orders: Reaper Expand, MMM Bio 

Get SALT Encoding   

  12  0:00  SCV  
  13  0:12  SCV  
  14  0:17  Supply Depot  
  14  0:25  SCV  
  15  0:39  SCV  
  15  0:42  Barracks  
  16  0:46  Refinery  
  16  0:51  SCV  
  17  1:03  SCV  
  18  1:17  SCV  
  19  1:29  Orbital Command  
  19  1:32  Reaper  
  20  1:45  Command Center  
  20  1:55  SCV  
  20  1:56  Supply Depot  
  21  2:04  Marine  
  22  2:12  SCV  
  22  2:13  Factory  
  22  2:17  Refinery  
  22  2:22  Marine  
  23  2:24  SCV  
  24  2:36  SCV  
  25  2:40  Marine  
  26  2:48  SCV  
  27  2:56  Factory Tech Lab  
  27  2:59  Orbital Command  
  27  3:00  Marine, SCV  
  29  3:06  Starport  
  29  3:17  Cyclone  
  33  3:22  Marine  
  33  3:24  SCV  
  35  3:31  SCV  
  36  3:36  SCV  
  37  3:48  Viking, SCV x2  
  39  3:51  Cyclone  
  44  3:59  Barracks Reactor  
  44  4:03  Engineering Bay  
  44  4:05  SCV  
  44  4:08  SCV  
  46  4:18  Supply Depot  
  46  4:28  Supply Depot  
  46  4:39  SCV x2  
  46  4:40  Hellion  
  46  4:45  Barracks Tech Lab  
  50  4:49  Command Center  
  50  4:51  SCV x2  
  49  4:56  Medivac  
  49  5:04  SCV x2  
  45  5:16  SCV x2  
  44  5:22  Marine  
  44  5:28  SCV x2  
  46  5:29  Stimpack  
  46  5:40  SCV x2  
  48  5:44  Terran Infantry Weapons Level 1  
  48  5:46  Marine, Barracks  
  49  5:50  Siege Tank  
  49  5:51  Starport Reactor  
  49  5:52  SCV x2  
  54  6:04  SCV x2  
  56  6:16  SCV x2  
  50  6:20  Marine  
  50  6:22  Orbital Command  
  51  6:27  Barracks  
  51  6:28  Barracks, SCV x2  
  51  6:30  Siege Tank, Barracks, Missile Turret x2  
  56  6:33  Marine x2  
  56  6:38  Viking x2  
  62  6:40  SCV x2  
  64  6:49  Supply Depot  
  64  6:50  SCV  
  64  6:52  Refinery, SCV x2  
  64  6:53  Marine x2  
  69  6:54  Refinery  
  69  7:02  Siege Tank, SCV  
  69  7:05  SCV x2  
  75  7:08  Marine  
  75  7:13  Viking, Medivac  
  75  7:14  SCV  
  81  7:17  Barracks Reactor, SCV  
  81  7:18  SCV  
  83  7:24  Marine x2  
  83  7:25  Supply Depot  
  83  7:26  Supply Depot  
  83  7:28  Supply Depot  
  83  7:29  Marine x3  
  89  7:30  SCV  
  89  7:32  SCV  
  89  7:34  SCV  
  91  7:37  Supply Depot  
  91  7:38  Supply Depot, Terran Infantry Armor Level 1  
  91  7:42  Marine x2  
  93  7:47  Marine  
  93  7:51  Marine x2  
  85  7:55  Marine  
  85  7:56  Marine  
  82  7:59  Marine  
  82  8:00  Combat Shields  
  82  8:05  Marine  
  77  8:08  Marine, SCV  
  77  8:09  Marine  
  79  8:13  Marine x2, Siege Tank  
  79  8:15  Marine  
  84  8:25  SCV  
  84  8:26  Marine  
  87  8:27  Medivac x2, SCV  
  87  8:29  Engineering Bay, Armory  
  87  8:31  Supply Depot, Marine x2  
  87  8:33  SCV  
  97  8:36  Barracks Reactor  
  97  8:38  Barracks Reactor  
  94  8:42  SCV  
  94  8:43  Barracks Reactor  
  94  8:44  Orbital Command  
  94  8:45  Marine  
  97  8:50  SCV  
  97  8:55  SCV  
  98  8:59  Marine x2  
  96  9:07  Marine  
  79  9:14  Marine x4  
  79  9:16  Marine  
  79  9:17  Marine  
  85  9:24  Marine x3  
  85  9:28  Siege Tank, SCV  
  95  9:32  Marine x2  
  95  9:33  SCV  
  95  9:34  Marine x2  
  95  9:35  Marine x2  
  95  9:37  Supply Depot x2  
  102  9:39  Supply Depot  
  102  9:42  Marine x3  
  105  9:46  Viking x2  
  105  9:50  Marine x2  
  105  9:52  Marine x3, SCV x2  
  109  9:53  Marine  
  113  10:00  Marine x3, Orbital Command  
  113  10:04  Supply Depot  
  113  10:05  Terran Infantry Weapons Level 2  
  116  10:07  Marine  
  116  10:08  Terran Infantry Armor Level 2, Marine  
  116  10:10  Marine x4  
  116  10:12  SCV  
  123  10:18  Viking  
  125  10:32  Marine  
  125  10:33  Marine  
  123  10:46  Marine x2  
  124  10:54  Marine x4  
  124  10:55  Marine x3, Siege Tank  
  124  10:56  Medivac  
  133  11:04  Marine x2  
  135  11:12  Marine x5  
  135  11:15  Marine x2  
  142  11:21  Terran Vehicle Weapons Level 1  
  142  11:32  Marine  
  142  11:33  Marine x2  
  145  11:58  Marine x5  
  150  12:14  Marine, Medivac  
  150  12:15  Marine x3  
  140  12:34  Marine x2  
  140  12:36  Marine x3  
  118  12:38  Marine x2  
  118  12:42  Marine  
  119  12:47  Orbital Command  
  119  12:51  Marine  
  120  12:52  Marine  
  122  13:04  Marine x3  
  124  13:19  SCV  
  125  13:22  SCV  
  125  13:23  Marine  
  127  13:31  SCV  
  119  13:42  Marine x3  
  119  13:45  Marine x2  
  122  13:54  Marine x2  
  123  14:02  Marine  
  123  14:07  Marine  
  123  14:08  Marine  
  125  14:11  Marine  
  125  14:12  Marine  
  125  14:16  Marine x2  
  127  14:20  Marine  
  124  14:28  Marine x2  
  126  14:32  Marine x4  
Tags
 
Composition
Bio TankMMM Bio
Matchup
TvT
Player
Miszu
Race
Terran
Add a new tag
Caveats
  • Supply blocks, unpowered buildings, or Contaminate may cause inaccurate times.
  • Supply counts are checked every 10 seconds.